 Dungeon Crawl Stone Soup version 0.31.0-4-g52a2dc7128 (webtiles) character file.

Game seed: 12170665073781821779

36418 solopath the Fighter (level 13, 0/105 (109) HPs)
             Began as a Gnoll Alchemist on Jan 21, 2024.
             Was a Priest of Vehumet.
             Slain by a sun demon (15 damage)
             ... summoned by an orc high priest
             ... on level 2 of the Orcish Mines on Jan 22, 2024.
             The game lasted 00:51:29 (17920 turns).

solopath the Fighter (Gnoll Alchemist)             Turns: 17920, Time: 00:51:30

HP:   0/105 (109)   AC: 10    Str: 18    XL:     13   Next: 90%
MP:   20/27         EV: 15    Int: 28    God:    Vehumet [***...]
Gold: 2034          SH:  5    Dex: 11    Spells: 9/32 levels left

rFire   . . .        y - +10 flail "Jufism" {drain, Will+}
rCold   . . .        (no shield)
rNeg    . . .        t - +3 steam dragon scales
rPois   .            (no helmet)
rElec   .            F - scarf {repulsion}
rCorr   .            (no gloves)
SInv    .            (no boots)
Will    +....        k - amulet of reflection
Stlth   ++++         c - ring of Kipnarch {Str+3 Int+6}
HPRegen 0.37/turn    s - +6 ring of intelligence
MPRegen 0.20/turn

%: repel missiles, reflection, clarity
@: studying Fighting, lightly drained
A: fangs 1, strong nose, distributed training, clarity, strong 1
a: Renounce Religion


You were on level 2 of the Orcish Mines.
You worshipped Vehumet.
Vehumet was most pleased with you.
You visited 3 branches of the dungeon, and saw 16 of its levels.

You collected 2378 gold pieces.
You spent 344 gold pieces at shops.

Inventory:

Hand Weapons
 y - the +10 flail "Jufism" (weapon) {drain, Will+}
   (You found it on level 10 of the Dungeon)

   Will+:     It increases your willpower.
Missiles
 e - 20 poisoned darts
 q - 3 throwing nets
 x - 3 curare-tipped darts
Armour
 t - +3 steam dragon scales (worn)
 F - a scarf of repulsion (worn)
Magical Staves
 D - a staff of air
Jewellery
 c - the ring of Kipnarch (left hand) {Str+3 Int+6}
   (You acquired it on level 4 of the Dungeon)

   [ring of intelligence]

   Str+3:     It affects your strength (+3).
   Int+6:     It affects your intelligence (+6).
 f - an amulet of faith
 k - an amulet of reflection (around neck)
 p - a +6 ring of strength
 s - a +6 ring of intelligence (right hand)
 z - a ring of poison resistance
Wands
 d - a wand of roots (7)
 g - a wand of mindburst (9)
 u - a wand of acid (12)
 w - a wand of flame (39)
Scrolls
 j - 2 scrolls of immolation
 n - 3 scrolls of fear
 o - 2 scrolls of teleportation
 r - 2 scrolls of identify
 v - a scroll of blinking
 C - a scroll of enchant armour
Potions
 a - 2 potions of lignification
 b - 2 potions of magic
 h - a potion of invisibility
 i - 4 potions of resistance
 l - 2 potions of haste
 m - 3 potions of curing
 A - 3 potions of attraction
 B - a potion of heal wounds
 E - a potion of berserk rage


   Skills:
 + Level 12.5 Fighting
 + Level 9.0 Short Blades
 + Level 9.0 Long Blades
 + Level 9.0 Axes
 + Level 9.0 Maces & Flails
 + Level 9.0 Polearms
 + Level 9.0 Staves
 + Level 9.0 Ranged Weapons
 + Level 9.0 Throwing
 + Level 9.0 Armour
 + Level 10.1 Dodging
 + Level 10.0 Stealth
 + Level 9.0 Shields
 + Level 9.0 Unarmed Combat
 + Level 10.3 Spellcasting
 + Level 7.9 Conjurations
 + Level 7.5 Hexes
 + Level 7.5 Summonings
 + Level 7.5 Necromancy
 + Level 7.5 Translocations
 + Level 7.5 Fire Magic
 + Level 7.5 Ice Magic
 + Level 7.5 Air Magic
 + Level 7.5 Earth Magic
 + Level 9.4 Alchemy
 + Level 9.8 Invocations
 + Level 9.0 Evocations
 + Level 8.2 Shapeshifting


You had 9 spell levels left.
You knew the following spells:

 Your Spells              Type           Power      Damage    Failure   Level
a - Sting                 Conj/Alch      100%       1d9       1%          1
b - Mercury Vapours       Alch/Air       100%       N/A       1%          2
c - Mephitic Cloud        Conj/Alch/Air  57%        N/A       1%          3
d - Sticky Flame          Fire/Alch      58%        2d10      1%          4
e - Olgreb's Toxic Radia  Alch           61%        N/A       1%          4
f - Irradiate             Conj/Alch      29%        3d21      1%          5
g - Brom's Barrelling Bo  Conj/Erth      55%        2d7       1%          4

Your spell library contained the following spells:

 Spells                   Type           Power      Damage    Failure   Level
 Apportation              Tloc           100%       N/A       1%          1
 Necrotise                Necr           100%       1d9       1%          1
 Summon Small Mammal      Summ           100%       N/A       1%          1
 Sublimation of Blood     Necr           54%        N/A       1%          2
 Frozen Ramparts          Ice            100%       1d16      1%          3
 Inner Flame              Hex/Fire       54%        N/A       1%          3
 Tukima's Dance           Hex            54%        N/A       1%          3
 Dimensional Bullseye     Hex/Tloc       27%        N/A       1%          4
 Iskenderun's Mystic Bla  Conj/Tloc      55%        2d12      1%          4
 Leda's Liquefaction      Alch/Erth      29%        N/A       1%          4
 Petrify                  Alch/Erth      58%        N/A       1%          4
 Lee's Rapid Deconstruct  Erth           27%        3d14*     1%          5
 Metabolic Englaciation   Hex/Ice        27%        N/A       4%          5
 Bombard                  Conj/Erth      27%        9d5       7%          6
 Ignition                 Fire           27%        3d9       94%         8


Dungeon Overview and Level Annotations

Branches:
Dungeon (13/15)            Temple (1/1) D:5            Lair (0/5) D:11
    Orc (2/2) D:9             Elf (0/3) Orc:2
 Vaults: D:13-14

Altars:
Ashenzari
Cheibriados
Dithmenos
Elyvilon
Fedhas
Gozag
Hepliaklqana
Kikubaaqudgha
Makhleb
Nemelex Xobeh
Okawaru
Qazlal
Ru
Sif Muna
Trog
Uskayaw
Vehumet
Wu Jian
Xom
Yredelemnul
Zin
The Shining One

Shops:
D:8 =   D:10 [(   Orc:2 !*

Annotations:
D:4 ZoaN's ghost, amateur GrEE
D:5 1 runed translucent door, SuperJoe's ghost, novice TeDe
D:8 1 runed translucent door, Daunt's ghost, novice BaSh


Innate Abilities, Weirdness & Mutations

You have very sharp teeth.
Your uncanny sense of smell can sniff out nearby items.
Your experience applies equally to all skills.
You possess an exceptional clarity of mind.
Your muscles are strong. (Str +4, Int/Dex -1)


Message History

Your toxic aura wanes.
Unknown command.
You hit the sun demon but do no damage. Your bite misses the sun demon.
The sun demon hits you.
You are engulfed in flames!
The sun demon barely misses you.
Unknown command.
You sock the sun demon!
You bite the sun demon, but do no damage.
The sun demon is moderately wounded.
The sun demon misses you.
Unknown command.
You sock the sun demon! Your bite misses the sun demon.
The sun demon is heavily wounded.
The sun demon closely misses you.
Unknown command.
You barely miss the sun demon.
The sun demon is heavily wounded.
The sun demon hits you!
You are engulfed in flames!
* * * LOW HITPOINT WARNING * * *
Unknown command.
You sock the sun demon!
You bite the sun demon, but do no damage.
The sun demon is severely wounded.
The sun demon barely misses you.
Unknown command.
You miss the sun demon.
The sun demon is severely wounded.
The sun demon hits you.
* * * LOW HITPOINT WARNING * * *
You are engulfed in flames!
* * * LOW HITPOINT WARNING * * *
Unknown command.
You closely miss the sun demon.
The sun demon is severely wounded.
You block the sun demon's attack.
Unknown command.
You hit the sun demon.
The sun demon is severely wounded.
You block the sun demon's attack. The sun demon hits you!
You die...

###∩.#.....## #..))...##
##.....#..## ##.#.....#
###∩.#.....## #....o..##
.###...#....## #..##.#.##
..###....#...## #.4##.).##
...###........##.o∆##...##
....###..###...##o##...##
.....###..###...###...##
......###..###..@#...##
.......###..###.#3#.##
........###..###.).##
.........###..###.##
..........###..####
.....#.....###..##
............##...#
.........).......#
.......).)...#..##


You could see a sun demon (summoned).

Vanquished Creatures
  Frances (D:12)
  2 orc warlords (Orc:1)
  Harold (D:10)
  A boulder beetle (D:13)
  2 two-headed ogres
  The ghost of sadbutuwu the Carver, a novice DsGl of Dithmenos (Orc:1)
  2 orc high priests (Orc:2)
  A sun demon (Orc:2)
  A sixfirhy (Orc:2)
  7 skeletal warriors
  5 orc knights
  Pikel (D:3)
  6 orc sorcerers (Orc:2)
  3 cyclopes (D:12)
  2 manticores
  4 kobold blastminers (Orc:2)
  A smoke demon (Orc:2)
  A kobold demonologist (D:10)
  Maggie (D:7)
  6 trolls
  Psyche (D:8)
  Prince Ribbit (D:6)
  3 slime creatures (D:12)
  9 yaks
  Sigmund (D:4)
  2 wyverns
  A vampire (D:10)
  A spriggan (shapeshifter) (D:13)
  A ynoxinul (Orc:2)
  2 water elementals
  A wraith (D:11)
  Eustachio (D:4)
  8 wargs
  2 vampire mosquitoes (D:12)
  Edmund (D:5)
  A chaos spawn (Orc:2)
  An acid dragon (D:10)
  38 orc warriors
  An ice beast (D:6)
  A sky beast (D:8)
  12 ogres
  6 wolves (D:11)
  3 centaurs
  4 kobold brigands
  3 phantoms
  6 bullfrogs
  4 scorpions
  5 wights (D:8)
  8 killer bees (D:9)
  An electric eel (D:11)
  7 howler monkeys
  3 hounds
  2 jellies
  3 bombardier beetles
  23 orc priests
  A gnoll bouda (D:9)
  2 iguanas
  20 orc wizards
  A sleepcap (D:6)
  7 adders
  5 gnolls
  A shadow imp (D:6)
  2 white imps (D:5)
  2 ufetubi (D:6)
  3 dart slugs
  A ribbon worm (D:2)
  80 orcs
  6 ball pythons
  3 bats
  5 endoplasms
  2 giant cockroaches
  8 goblins
  8 hobgoblins
  11 jackals
  19 kobolds
  7 quokkas
  4 frilled lizards
  5 rats
  A spectral kobold (D:2)
  A butterfly (D:5)
421 creatures vanquished.

Notes
Turn   | Place    | Note
-------+----------+-------------------------------------------
     0 | D:1      | solopath the Gnoll Alchemist began the quest for the Orb.
     0 | D:1      | Reached XP level 1. HP: 13/13 MP: 6/6
   133 | D:1      | Reached XP level 2. HP: 19/19 MP: 5/7
   309 | D:1      | Reached skill level 5 in Spellcasting
   309 | D:1      | Reached XP level 3. HP: 23/25 MP: 0/9
   315 | D:1      | Learned a level 2 spell: Mercury Vapours
   319 | D:1      | Learned a level 3 spell: Mephitic Cloud
   736 | D:1      | Reached skill level 1 in Invocations
  1184 | D:2      | Reached skill level 1 in Fighting
  1184 | D:2      | Reached skill level 1 in Short Blades
  1184 | D:2      | Reached skill level 1 in Long Blades
  1184 | D:2      | Reached skill level 1 in Axes
  1184 | D:2      | Reached skill level 1 in Maces & Flails
  1184 | D:2      | Reached skill level 1 in Polearms
  1184 | D:2      | Reached skill level 1 in Staves
  1184 | D:2      | Reached skill level 1 in Ranged Weapons
  1184 | D:2      | Reached skill level 1 in Throwing
  1184 | D:2      | Reached skill level 1 in Armour
  1184 | D:2      | Reached skill level 1 in Shields
  1184 | D:2      | Reached skill level 1 in Unarmed Combat
  1184 | D:2      | Reached skill level 1 in Evocations
  1242 | D:2      | Reached skill level 1 in Shapeshifting
  1242 | D:2      | Reached XP level 4. HP: 29/32 MP: 6/11
  1955 | D:2      | Reached skill level 1 in Hexes
  1955 | D:2      | Reached skill level 1 in Summonings
  1955 | D:2      | Reached skill level 1 in Necromancy
  1955 | D:2      | Reached skill level 1 in Translocations
  1955 | D:2      | Reached skill level 1 in Fire Magic
  1955 | D:2      | Reached skill level 1 in Ice Magic
  1955 | D:2      | Reached skill level 1 in Air Magic
  1955 | D:2      | Reached skill level 1 in Earth Magic
  1995 | D:2      | Found a faded altar of an unknown god.
  2255 | D:3      | You fall into a shaft and drop 1 floor!
  2258 | D:4      | Noticed a lemure
  2260 | D:4      | Noticed Pikel
  2260 | D:4      | Noticed a lemure
  2260 | D:4      | Noticed a lemure
  2261 | D:4      | Noticed a lemure
  2283 | D:3      | Found a hide-covered altar of Uskayaw.
  2368 | D:3      | Found a broken altar of Ashenzari.
  2496 | D:3      | Reached XP level 5. HP: 24/37 MP: 6/12
  2561 | D:3      | Found a stormy altar of Qazlal.
  3003 | D:3      | Killed Pikel
  3004 | D:3      | Reached skill level 3 in Fighting
  3004 | D:3      | Reached skill level 5 in Dodging
  3004 | D:3      | Reached XP level 6. HP: 13/47 MP: 4/14
  3004 | D:3      | Reached XP level 7. HP: 14/52 MP: 4/15
  3162 | D:4      | Noticed Eustachio
  3181 | D:4      | Reached skill level 5 in Stealth
  3186 | D:4      | Killed Eustachio
  3413 | D:4      | Found a runed translucent gate.
  3414 | D:4      | Found a runed translucent gate.
  3415 | D:4      | Found a runed translucent gate.
  3424 | D:4      | Noticed ZoaN's ghost (amateur GrEE)
  3444 | D:4      | Noticed Sigmund
  3474 | D:4      | Reached skill level 4 in Fighting
  3536 | D:4      | Reached XP level 8. HP: 60/60 MP: 13/16
  3615 | D:4      | Identified 2 scrolls of acquirement
  3615 | D:4      | Acquired the ring of Kipnarch {Str+3 Int+6}
  3710 | D:4      | Killed Sigmund
  3999 | D:4      | Learned a level 4 spell: Sticky Flame
  4001 | D:4      | Acquired 884 gold pieces
  4099 | D:5      | Entered Level 5 of the Dungeon
  4102 | D:5      | Noticed Edmund
  4112 | D:5      | Killed Edmund
  4307 | D:5      | Reached skill level 5 in Fighting
  4476 | D:5      | Found a runed translucent door.
  4480 | D:5      | Noticed SuperJoe's ghost (novice TeDe)
  4604 | D:5      | Found a staircase to the Ecumenical Temple.
  4610 | Temple   | Entered the Ecumenical Temple
  4726 | D:5      | Found a shadowy altar of Dithmenos.
  4732 | D:5      | Reached XP level 9. HP: 68/68 MP: 10/18
  5446 | D:6      | Noticed Prince Ribbit
  5461 | D:6      | Killed Prince Ribbit
  5615 | D:6      | Reached skill level 6 in Fighting
  6167 | D:7      | Reached skill level 5 in Invocations
  6820 | D:7      | Noticed Maggie
  6847 | D:7      | Killed Maggie
  6848 | D:7      | Reached skill level 7 in Fighting
  6848 | D:7      | Reached skill level 5 in Short Blades
  6848 | D:7      | Reached skill level 5 in Long Blades
  6848 | D:7      | Reached skill level 5 in Axes
  6848 | D:7      | Reached skill level 5 in Maces & Flails
  6848 | D:7      | Reached skill level 5 in Polearms
  6848 | D:7      | Reached skill level 5 in Staves
  6848 | D:7      | Reached skill level 5 in Ranged Weapons
  6848 | D:7      | Reached skill level 5 in Throwing
  6848 | D:7      | Reached skill level 5 in Armour
  6848 | D:7      | Reached skill level 5 in Shields
  6848 | D:7      | Reached skill level 5 in Unarmed Combat
  6848 | D:7      | Reached skill level 5 in Evocations
  6848 | D:7      | Reached XP level 10. HP: 79/79 MP: 5/20
  7106 | D:7      | Found an ancient bone altar of Kikubaaqudgha.
  7108 | D:7      | Found a blossoming altar of Fedhas.
  7322 | D:8      | Noticed Psyche
  7322 | D:8      | Noticed a two-headed ogre
  7351 | D:8      | Found a white marble altar of Elyvilon.
  7421 | D:8      | Killed Psyche
  7516 | D:8      | Identified the +1 hat of Xoteuqak {*Slow Int+3 Dex+2}
  7533 | D:8      | Killed a two-headed ogre
  7534 | D:8      | Reached skill level 5 in Conjurations
  7753 | D:8      | Reached skill level 5 in Shapeshifting
  7773 | D:8      | Reached skill level 8 in Fighting
  7867 | D:8      | Found a glowing silver altar of Zin.
  8081 | D:8      | Noticed Daunt's ghost (novice BaSh)
  8083 | D:8      | Found a runed translucent door.
  8083 | D:8      | Noticed an ogre mage
  8143 | D:8      | Found a burning altar of Makhleb.
  8432 | D:8      | Found a glowing golden altar of the Shining One.
  8698 | D:8      | Found Jaitt's Jewellery Shop.
  9017 | D:9      | Learned a level 4 spell: Olgreb's Toxic Radiance
  9551 | D:9      | Reached skill level 5 in Hexes
  9551 | D:9      | Reached skill level 5 in Summonings
  9551 | D:9      | Reached skill level 5 in Necromancy
  9551 | D:9      | Reached skill level 5 in Translocations
  9551 | D:9      | Reached skill level 5 in Fire Magic
  9551 | D:9      | Reached skill level 5 in Ice Magic
  9551 | D:9      | Reached skill level 5 in Air Magic
  9551 | D:9      | Reached skill level 5 in Earth Magic
  9553 | D:9      | Reached XP level 11. HP: 87/87 MP: 12/22
  9745 | D:9      | Found a staircase to the Orcish Mines.
  9782 | D:9      | Found a shimmering blue altar of Sif Muna.
  9803 | D:9      | Found a radiant altar of Vehumet.
  9832 | D:9      | Gained mutation: Your magical capacity is low. (-10% MP)
                  | [potion of mutation]
  9832 | D:9      | Gained mutation: You are frail. (-10% HP) [potion of
                  | mutation]
  9832 | D:9      | Lost mutation: You are frail. (-10% HP) [potion of
                  | mutation]
 10068 | D:10     | Entered Level 10 of the Dungeon
 10068 | D:10     | Found Nalemuu's Armour Emporium.
 10115 | D:10     | Found a sparkling altar of Nemelex Xobeh.
 10129 | D:10     | Identified the +10 flail "Jufism" {drain, Will+}
 10525 | D:10     | Noticed a two-headed ogre
 10534 | D:10     | Killed a two-headed ogre
 10535 | D:10     | Reached skill level 9 in Fighting
 10619 | D:10     | Found Veodezisk's Hydra Hut.
 10624 | D:10     | Noticed an eight-headed hydra
 10641 | D:10     | Noticed Harold
 10661 | D:10     | Killed Harold
 11249 | D:11     | Noticed a skeletal warrior
 11251 | D:11     | Noticed a skeletal warrior
 11251 | D:11     | Noticed a skeletal warrior
 11290 | D:11     | Killed a skeletal warrior
 11556 | D:11     | Noticed a skeletal warrior
 11705 | D:11     | Killed a skeletal warrior
 11717 | D:11     | Killed a skeletal warrior
 11845 | D:11     | Killed a skeletal warrior
 12014 | D:11     | Found a staircase to the Lair.
 12023 | D:11     | Reached skill level 10 in Fighting
 12093 | D:11     | Reached XP level 12. HP: 66/97 MP: 16/22
 12407 | D:12     | Noticed Frances
 12568 | D:9      | Became a worshipper of Vehumet
 12616 | D:12     | Lost mutation: Your magical capacity is low. (-10% MP)
                  | [potion of mutation]
 12616 | D:12     | Gained mutation: You possess an exceptional clarity of
                  | mind. [potion of mutation]
 12616 | D:12     | Gained mutation: Your muscles are strong. (Str +4, Int/Dex
                  | -1) [potion of mutation]
 13096 | D:12     | Killed Frances
 13596 | D:13     | Noticed a boulder beetle
 13613 | D:13     | Killed a boulder beetle
 13815 | D:12     | Reached skill level 11 in Fighting
 14105 | Orc:1    | Entered Level 1 of the Orcish Mines
 14272 | Orc:1    | Found a large runed translucent door.
 14273 | Orc:1    | Found a large runed translucent door.
 14289 | Orc:1    | Reached * piety under Vehumet
 14289 | Orc:1    | Offered knowledge of Magic Dart by Vehumet.
 14305 | Orc:1    | Noticed sadbutuwu's ghost (novice DsGl)
 14588 | Orc:1    | Noticed an orc warlord
 14618 | Orc:1    | Killed an orc warlord
 14626 | Orc:1    | Reached XP level 13. HP: 14/106 MP: 4/26
 14921 | Orc:1    | Noticed an orc warlord
 14950 | Orc:1    | Killed an orc warlord
 15496 | Orc:1    | Learned a level 5 spell: Irradiate
 15503 | Orc:1    | Killed sadbutuwu's ghost
 15503 | Orc:1    | Reached ** piety under Vehumet
 15503 | Orc:1    | Offered knowledge of Foxfire by Vehumet.
 15599 | Orc:2    | Entered Level 2 of the Orcish Mines
 16139 | Orc:2    | Found a staircase to the Elven Halls.
 16502 | Orc:2    | Reached skill level 10 in Spellcasting
 16669 | Orc:2    | Offered knowledge of Static Discharge by Vehumet.
 16779 | Orc:2    | Reached skill level 12 in Fighting
 16783 | Orc:2    | Reached *** piety under Vehumet
 16893 | Orc:2    | Found Nolures's Distillery.
 16894 | Orc:2    | Found Juvypyme's General Store.
 16930 | Orc:2    | Bought a potion of berserk rage for 70 gold pieces
 16930 | Orc:2    | Bought a potion of heal wounds for 70 gold pieces
 16932 | Orc:2    | Bought a scarf of repulsion for 204 gold pieces
 17232 | Orc:2    | Offered knowledge of Brom's Barrelling Boulder by Vehumet.
 17238 | Orc:2    | Learned a level 4 spell: Brom's Barrelling Boulder
 17454 | Orc:2    | Reached skill level 10 in Dodging
 17676 | Orc:2    | Reached skill level 10 in Stealth
 17920 | Orc:2    | Slain by a sun demon

Illustrated notes

Levels and vault maps discovered:
D:1:      lightli_arrival_windingriver, layout_basic, amcnicky_mini_pool_small,
          nicolae_grassy_gnolls
D:2:      layout_basic, dreamdust_ecumenical_altar_drowned_temple
D:3:      layout_loops_ring, mainiacjoe_overflow_concentric_impassable,
          evilmike_ruin_ashenzari, eat_drink_and_be_merry_uskayaw
D:4:      layout_cave_pools, gammafunk_ghost_split, minmay_tree_intersection,
          nicolae_concentric_dashed_squares_mild, uniq_pikel, uniq_sigmund,
          uniq_eustachio
D:5:      layout_loops_ring, old_standard_altar,
          minmay_temple_entry_butterflies, hellmonk_ghost_happy_afterlife,
          uniq_edmund
D:6:      layout_rooms, uniq_prince_ribbit1
D:7:      layout_basic, grunt_temple_overflow_growth_and_decay,
          hangedman_decor_clover_reticule, uniq_maggie
D:8:      layout_cave_pools, dreamdust_divine_triumvirate,
          overflow_temple_1_default, serial_shops, shop,
          ebering_ghost_inner_flame, nrook_pool_corridor, uniq_psyche
D:9:      layout_stronghold, mainiacjoe_overflow_tiny_flanked,
          general_overflow_altar, hiddenorc1_lemuel
D:10:     layout_irregular_city, lemuel_crystal_altar, serial_shops, shop,
          grunt_decor_resistance, doesnt_shop_hydraphobe, uniq_harold
D:11:     layout_basic, erik_lair_island
D:12:     layout_loops_ring, minmay_between, uniq_frances
D:13:     layout_cave_pools, grunt_vaults_entry_fortified, st_stairs_5
Temple:   nicolae_temple_cloud_nine
Orc:1:    layout_caves, ebering_ghost_disaster_area, serial_shops
Orc:2:    pf_orc_diabolical, layout_caves, basic_altar

Skill      XL: |  1  2  3  4  5  6  7  8  9 10 11 12 13 |
---------------+----------------------------------------+-----
Conjurations   | 2 3 4 5 6 7 |  7.9
Spellcasting   | 5 6 7 8 9 10 | 10.3
Invocations    | 1 2 3 4 5 6 7 8 9 |  9.8
Fighting       | 1 3 4 5 7 8 10 11 12 | 12.5
Short Blades   | 1 2 3 4 5 6 7 8 9 |  9.0
Long Blades    | 1 2 3 4 5 6 7 8 9 |  9.0
Axes           | 1 2 3 4 5 6 7 8 9 |  9.0
Maces & Flails | 1 2 3 4 5 6 7 8 9 |  9.0
Polearms       | 1 2 3 4 5 6 7 8 9 |  9.0
Staves         | 1 2 3 4 5 6 7 8 9 |  9.0
Ranged Weapons | 1 2 3 4 5 6 7 8 9 |  9.0
Throwing       | 1 2 3 4 5 6 7 8 9 |  9.0
Armour         | 1 2 3 4 5 6 7 8 9 |  9.0
Shields        | 1 2 3 4 5 6 7 8 9 |  9.0
Unarmed Combat | 1 2 3 4 5 6 7 8 9 |  9.0
Evocations     | 1 2 3 4 5 6 7 8 9 |  9.0
Shapeshifting  | 1 2 3 4 5 6 7 8 |  8.2
Hexes          | 1 2 3 4 5 6 7 |  7.5
Summonings     | 1 2 3 4 5 6 7 |  7.5
Necromancy     | 1 2 3 4 5 6 7 |  7.5
Translocations | 1 2 3 4 5 6 7 |  7.5
Fire Magic     | 1 2 3 4 5 6 7 |  7.5
Ice Magic      | 1 2 3 4 5 6 7 |  7.5
Air Magic      | 1 2 3 4 5 6 7 |  7.5
Earth Magic    | 1 2 3 4 5 6 7 |  7.5
Dodging        | 5 6 7 8 9 10 | 10.1
Stealth        | 5 6 7 8 9 10 | 10.0
Alchemy        | 6 7 8 9 |  9.4

Action                     |  1- 3 |  4- 6 |  7- 9 | 10-12 | 13-15 || total
---------------------------+-------+-------+-------+-------+-------++-------
  Melee: Unarmed           |    17 |    49 |       |       |       ||    66
         Bite              |       |     4 |    26 |    46 |    16 ||    92
         Punch             |       |     1 |     4 |    20 |     2 ||    27
         Whip              |       |       |   162 |   102 |       ||   264
         Flail             |       |       |       |   193 |   101 ||   294
  Throw: Dart              |       |       |       |    13 |     3 ||    16
   Cast: Sting             |    42 |    65 |    94 |    61 |     2 ||   264
         Mercury Vapours   |     3 |     2 |     1 |    21 |     3 ||    30
         Mephitic Cloud    |       |     2 |    22 |    35 |     9 ||    68
         Sticky Flame      |       |       |    12 |    45 |     3 ||    60
         Olgreb's Toxic Ra |       |       |       |    35 |    47 ||    82
         Irradiate         |       |       |       |       |     7 ||     7
  Evoke: Wand              |       |       |       |     2 |     2 ||     4
    Use: Scroll            |       |     4 |     4 |     8 |     2 ||    18
         Potion            |       |       |     5 |     2 |     1 ||     8
   Stab: Sleeping          |       |       |     2 |     1 |       ||     3
         Confused          |       |       |     6 |     9 |     1 ||    16
 Armour: Robe              |    10 |    47 |    65 |       |       ||   122
         Steam dragon scal |       |       |       |   171 |    91 ||   262
  Dodge: Dodged            |    13 |    41 |   101 |   213 |    75 ||   443
         Repelled          |       |       |       |       |     1 ||     1
  Block: Other             |       |     2 |    30 |    54 |    28 ||   114
         Reflection        |       |       |     1 |     4 |     7 ||    12
